 Dungeon Crawl Stone Soup version 0.19.5 (webtiles) character file.

208 snowfan the Firebug (level 5, 0/28 HPs)
             Began as a Deep Elf Fire Elementalist on Apr 16, 2017.
             Was an Initiate of Vehumet.
             Slain by an adder (2 damage)
             ... on level 3 of the Dungeon on Apr 17, 2017.
             The game lasted 00:12:21 (3129 turns).

snowfan the Firebug (Deep Elf Fire Elementalist)    Turns: 3129, Time: 00:12:22

Health: 0/28       AC:  2    Str: 10    XL:     5   Next: 55%
Magic:  6/11       EV: 13    Int: 21    God:    Vehumet [......]
Gold:   129        SH:  0    Dex: 15    Spells: 2 memorised, 6 levels left

rFire  . . .     SeeInvis .     q - staff of wizardry
rCold  . . .     Gourm    .     k - +0 robe
rNeg   . . .     Faith    .     (no shield)
rPois  .         Spirit   .     (no helmet)
rElec  .         Reflect  .     (no cloak)
rCorr  .         Harm     .     (no gloves)
MR     .....                    (no boots)
Stlth  ++........               (no amulet)
                                (no ring)
                                (no ring)

@: mighty
A: no striking features
a: Renounce Religion


You were on level 3 of the Dungeon.
You worshipped Vehumet.
Vehumet was noncommittal.
You were hungry.

You visited 1 branch of the dungeon, and saw 3 of its levels.

You collected 129 gold pieces.

Inventory:

Hand Weapons
 l - a +0 hand axe
Armour
 a - a +0 robe
 k - a +0 robe (worn)
Magical Staves
 q - an uncursed staff of wizardry (weapon)
Scrolls
 d - a scroll of magic mapping {unknown}
 g - a scroll of random uselessness {unknown}
 h - 4 scrolls of identify {unknown}
 i - 2 scrolls of recharging {unknown}
 n - a scroll of teleportation {unknown}
Potions
 e - 3 potions of might
 j - a potion of flight {unknown}
 m - a potion of degeneration {unknown}
 o - a potion of agility {unknown}
Books
 b - a book of Flames

   Spells                             Type                      Level
   a - Flame Tongue                   Conjuration/Fire             1
   b - Throw Flame                    Conjuration/Fire             2
   c - Conjure Flame                  Conjuration/Fire             3
   d - Inner Flame                    Hexes/Fire                   3
   e - Sticky Flame                   Conjuration/Fire             4
   f - Fireball                       Conjuration/Fire             5
Comestibles
 c - 3 bread rations
 f - a slice of pizza
 p - a beef jerky


   Skills:
 - Level 2.4 Dodging
 - Level 2.4 Stealth
 - Level 3.0 Spellcasting
 - Level 1.1 Conjurations
 + Level 7.0 Fire Magic


You had 6 spell levels left.
You knew the following spells:

 Your Spells              Type           Power        Failure   Level  Hunger
a - Flame Tongue          Conj/Fire      ###..        1%          1    None
d - Conjure Flame         Conj/Fire      ###.....     4%          3    ###....


Dungeon Overview and Level Annotations

Branches:
Dungeon (3/15)

Altars:
Ashenzari
Fedhas
Nemelex Xobeh
Uskayaw
Vehumet

Annotations:
D:3 Robin


Message History

The adder bites you but does no damage.
The goblin no longer looks unusually strong.
The goblin hits you but does no damage. Robin throws the goblin at you!
The goblin closely misses you. The goblin hits you with a dagger.
The adder bites you.
You hit the goblin.
The goblin is moderately wounded.
The goblin misses you. The goblin hits you but does no damage.
The adder bites you.
* * * LOW HITPOINT WARNING * * *
The goblin hits you with a dagger.
* * * LOW HITPOINT WARNING * * *
The goblin closely misses you. The goblin hits you with a dagger.
* * * LOW HITPOINT WARNING * * *
Robin roars a battlecry!
The goblin goes into a battle-frenzy!
It was a potion of might.
You feel very mighty all of a sudden. The adder bites you.
You die...

..# #.# ).# ###### #####.#
..## ##≈≈≈≈## ###.....#..
...###≈≈≈≈≈≈###.#.###.#.#
......≈≈....[...#....(#.#
.....≈≈.........#.#..##.# #
..).≈....≈≈.....#.#..# .#.#
#...≈..≈≈..≈....g...(# .#.# ..
#....≈≈....≈...g@###(##...#...
#.......⌠≈≈...ggS##.?....)....
#......≈≈⌠......g#####........
##....≈....≈≈....#....g.#.#...
#....≈..≈≈..≈..g###g.....# .
#.....≈≈....≈.....gg..#..#
#.........≈≈...#......#..#
#........≈≈....#.####.#..#
#.###≈≈≈≈≈≈###.#.####..>>#


You could see Robin, an adder, a hobgoblin and 4 goblins.

Vanquished Creatures
  The ghost of snowfan the Magician, an amateur DEFE (D:3)
  3 adders (D:2)
  An ooze (D:1)
  4 worms (D:2)
  3 dart slugs
  3 leopard geckos
  5 bats
  8 goblins
  7 hobgoblins
  2 jackals (D:2)
  A frilled lizard (D:2)
  8 kobolds
  11 rats
57 creatures vanquished.

Notes
Turn   | Place    | Note
-------+----------+-------------------------------------------
     0 | D:1      | snowfan the Deep Elf Fire Elementalist began the quest for the Orb.
     0 | D:1      | Reached XP level 1. HP: 10/10 MP: 6/6
     8 | D:1      | Noticed a merfolk zombie
    14 | D:1      | Noticed a human
    20 | D:1      | Noticed an octopode
    20 | D:1      | Noticed an octopode
   159 | D:1      | Reached XP level 2. HP: 11/15 MP: 0/8
   185 | D:1      | Reached skill level 4 in Fire Magic
  1322 | D:1      | Reached XP level 3. HP: 19/19 MP: 9/9
  1551 | D:2      | Learned a level 3 spell: Conjure Flame
  1557 | D:2      | Reached skill level 5 in Fire Magic
  1946 | D:2      | Reached XP level 4. HP: 22/24 MP: 2/10
  2081 | D:2      | Found a radiant altar of Vehumet.
  2099 | D:2      | Became a worshipper of Vehumet
  2355 | D:2      | Found a shattered altar of Ashenzari.
  2355 | D:2      | Found a hide-covered altar of Uskayaw.
  2360 | D:2      | Found a faded altar of an unknown god.
  2362 | D:2      | Found a blossoming altar of Fedhas.
  2363 | D:2      | Found a sparkling altar of Nemelex Xobeh.
  2944 | D:3      | Noticed snowfan's ghost (amateur DEFE)
  2970 | D:3      | Killed snowfan's ghost
  2970 | D:3      | Reached skill level 6 in Fire Magic
  2970 | D:3      | Reached XP level 5. HP: 20/28 MP: 1/11
  3106 | D:3      | Noticed Robin
  3122 | D:3      | Reached skill level 7 in Fire Magic
  3129 | D:3      | Slain by an adder

Skill      XL: |  1  2  3  4  5 |
---------------+----------------+-----
Fire Magic     | 4 5 6 7 |  7.0
Dodging        | |  2.4
Stealth        | |  2.4
Spellcasting   | |  3.0
Conjurations   | |  1.1

Action                   |  1- 3 |  4- 6 || total
-------------------------+-------+-------++-------
Melee: Unarmed           |    12 |       ||    12
       Hand axe          |    10 |    12 ||    22
       Staff             |       |     1 ||     1
 Cast: Flame Tongue      |    71 |    53 ||   124
       Conjure Flame     |       |     1 ||     1
  Use: Potion            |       |     1 ||     1
  Eat: Chunk             |     3 |     3 ||     6
Armor: Robe              |     9 |    15 ||    24
Dodge: Dodged            |    44 |    61 ||   105
